[ PARTIDA AOE2 · #495281091 ]
UnrankedIndostaníes vs Armenians
Equipo del jugador · DERR
Equipo rival · VICT
[ ANÁLISIS DE REPETICIÓN · EXTRAÍDO DE LA PARTIDA GRABADA ]
Feudal
10:56
Castillos
14:35
Imperial
26:11
| APM promedio | 38.8 |
| APM pico | 81 |
| eAPM promedio | 17.3 |
| Aldeanos / militares | 73 / 30 |
Foco
⚔️ 28.7% · 🌾 71.3%
Ghulam ×15 · Hand Cannoneer ×13 · Monk ×1 · Mangonel ×1
Feudal
9:47
Castillos
13:54
Imperial
—
| APM promedio | 23.9 |
| APM pico | 42 |
| eAPM promedio | 15.1 |
| Aldeanos / militares | 53 / 55 |
Foco
⚔️ 35.6% · 🌾 64.4%
Warrior Priest ×47 · Battering Ram ×8
Mapa de la partida
Recursos iniciales + cada clic de construcción. Líneas = muros · curvas = relieve. ◆ oro · ⬟ piedra · ● bayas · ✦ reliquia · ◌ hueco del cierre
Tu base· ✓ Cerrada en 14:35 · 0t muro · 2 puerta(s)
Base de witcherkiller· ✓ Cerrada en 13:54 · 0t muro · 2 puerta(s)
Terreno inicial suavizado · ◌ = hueco del cierre detectado · pasá el cursor para detalles
Inputs por minuto
— Lorenz - - witcherkiller
Build order — Lorenz
Primeras 150 de 191 acciones detectadas
| 0:00 | Crear | Villager (Male) |
| 0:00 | Crear | Villager (Male) |
| 0:01 | Construir | House |
| 0:02 | Construir | House |
| 0:16 | Crear | Villager (Male) |
| 0:17 | Crear | Villager (Male) |
| 1:08 | Crear | Villager (Male) |
| 1:35 | Crear | Villager (Male) |
| 1:51 | Construir | Lumber Camp |
| 2:03 | Crear | Villager (Male) |
| 2:51 | Crear | Villager (Male) |
| 3:00 | Construir | House |
| 3:07 | Crear | Villager (Male) |
| 3:41 | Crear | Villager (Male) |
| 3:41 | Crear | Villager (Male) |
| 3:42 | Crear | Villager (Male) |
| 3:42 | Crear | Villager (Male) |
| 4:16 | Construir | Mill |
| 4:29 | Crear | Villager (Male) |
| 4:40 | Crear | Villager (Male) |
| 4:47 | Construir | House |
| 5:02 | Crear | Villager (Male) |
| 5:45 | Crear | Villager (Male) |
| 6:07 | Crear | Villager (Male) |
| 6:11 | Crear | Villager (Male) |
| 6:43 | Crear | Villager (Male) |
| 6:46 | Crear | Villager (Male) |
| 6:54 | Construir | Farm |
| 6:57 | Construir | Farm |
| 7:22 | Construir | House |
| 7:34 | Construir | Mining Camp |
| 7:47 | Crear | Villager (Male) |
| 8:01 | Investigar | Feudal Age |
| 8:27 | Construir | Mining Camp |
| 10:56 | Edad | Edad Feudal |
| 10:58 | Construir | Market |
| 11:01 | Construir | Blacksmith |
| 11:05 | Crear | Villager (Male) |
| 11:05 | Crear | Villager (Male) |
| 11:14 | Investigar | Double-Bit Axe |
| 11:36 | Investigar | Horse Collar |
| 11:51 | Investigar | Castle Age |
| 11:52 | Investigar | Castle Age |
| 12:13 | Construir | Farm |
| 12:21 | Construir | House |
| 12:56 | Construir | Farm |
| 13:10 | Construir | Farm |
| 13:37 | Construir | Farm |
| 13:52 | Construir | Farm |
| 14:35 | Edad | Edad de los Castillos |
| 14:40 | Construir | Castle |
| 14:41 | Crear | Villager (Male) |
| 14:42 | Investigar | Bow Saw |
| 14:54 | Crear | Villager (Male) |
| 15:08 | Crear | Villager (Male) |
| 15:33 | Construir | Monastery |
| 15:38 | Crear | Villager (Male) |
| 15:48 | Investigar | Scale Mail Armor |
| 16:12 | Construir | Farm |
| 16:14 | Construir | Farm |
| 16:15 | Crear | Villager (Male) |
| 16:18 | Crear | Monk |
| 16:22 | Crear | Ghulam |
| 16:22 | Crear | Ghulam |
| 16:22 | Crear | Ghulam |
| 16:27 | Investigar | Forging |
| 16:28 | Crear | Villager (Male) |
| 16:31 | Construir | Farm |
| 16:56 | Crear | Villager (Male) |
| 16:57 | Crear | Ghulam |
| 17:11 | Crear | Ghulam |
| 17:18 | Crear | Villager (Male) |
| 17:31 | Crear | Ghulam |
| 17:49 | Crear | Villager (Male) |
| 17:50 | Crear | Ghulam |
| 18:09 | Crear | Villager (Male) |
| 18:10 | Crear | Ghulam |
| 18:12 | Construir | Farm |
| 18:22 | Construir | Farm |
| 18:23 | Construir | Farm |
| 18:25 | Construir | Farm |
| 18:47 | Crear | Ghulam |
| 18:47 | Crear | Villager (Male) |
| 18:58 | Crear | Villager (Male) |
| 19:02 | Construir | Farm |
| 19:13 | Investigar | Gold Mining |
| 19:27 | Crear | Villager (Male) |
| 19:33 | Construir | Farm |
| 19:34 | Construir | Farm |
| 19:35 | Construir | Farm |
| 19:52 | Crear | Villager (Male) |
| 19:59 | Investigar | Wheelbarrow |
| 20:02 | Construir | Farm |
| 20:07 | Construir | Lumber Camp |
| 20:30 | Crear | Villager (Male) |
| 20:35 | Construir | Mining Camp |
| 20:55 | Construir | Farm |
| 21:27 | Construir | Farm |
| 21:45 | Crear | Villager (Male) |
| 21:47 | Construir | Farm |
| 22:09 | Crear | Villager (Male) |
| 22:36 | Crear | Villager (Male) |
| 22:42 | Construir | University |
| 22:59 | Investigar | Imperial Age |
| 23:04 | Construir | House |
| 23:05 | Construir | House |
| 23:05 | Construir | House |
| 23:20 | Construir | Town Center |
| 23:31 | Investigar | Fletching |
| 23:46 | Construir | Barracks |
| 23:54 | Investigar | Loom |
| 23:55 | Investigar | Hand Cart |
| 23:59 | Crear | Villager (Male) |
| 24:03 | Investigar | Loom |
| 24:14 | Construir | Town Center |
| 24:16 | Crear | Villager (Male) |
| 24:23 | Investigar | Heavy Plow |
| 24:23 | Investigar | Heavy Plow |
| 24:29 | Crear | Villager (Male) |
| 24:44 | Crear | Villager (Male) |
| 25:01 | Construir | Archery Range |
| 25:04 | Crear | Villager (Male) |
| 25:17 | Investigar | Loom |
| 25:25 | Crear | Villager (Male) |
| 25:31 | Crear | Villager (Male) |
| 25:35 | Construir | Farm |
| 25:37 | Crear | Villager (Male) |
| 25:55 | Construir | Archery Range |
| 26:11 | Edad | Edad Imperial |
| 26:12 | Crear | Villager (Male) |
| 26:12 | Crear | Villager (Male) |
| 26:15 | Investigar | Chemistry |
| 26:17 | Investigar | Conscription |
| 26:17 | Investigar | Conscription |
| 26:19 | Crear | Villager (Male) |
| 26:27 | Investigar | Gold Shaft Mining |
| 26:31 | Crear | Villager (Male) |
| 26:31 | Crear | Villager (Male) |
| 26:35 | Construir | Farm |
| 26:37 | Construir | Farm |
| 26:53 | Crear | Villager (Male) |
| 26:53 | Crear | Villager (Male) |
| 26:54 | Crear | Villager (Male) |
| 26:59 | Construir | Siege Workshop |
| 27:03 | Crear | Villager (Male) |
| 27:08 | Construir | House |
| 27:10 | Construir | House |
| 27:11 | Crear | Villager (Male) |
| 27:25 | Crear | Ghulam |
| 27:26 | Crear | Ghulam |
Build order — witcherkiller
Primeras 150 de 167 acciones detectadas
| 0:01 | Crear | Villager (Male) |
| 0:02 | Crear | Villager (Male) |
| 0:02 | Crear | Villager (Male) |
| 0:02 | Crear | Villager (Male) |
| 0:03 | Construir | House |
| 0:05 | Construir | House |
| 0:35 | Construir | Mule Cart |
| 1:19 | Crear | Villager (Male) |
| 1:42 | Crear | Villager (Male) |
| 2:04 | Crear | Villager (Male) |
| 2:33 | Crear | Villager (Male) |
| 2:52 | Crear | Villager (Male) |
| 3:22 | Crear | Villager (Male) |
| 3:23 | Crear | Villager (Male) |
| 3:36 | Construir | Mule Cart |
| 3:50 | Crear | Villager (Male) |
| 3:54 | Construir | House |
| 4:02 | Investigar | Loom |
| 4:04 | Crear | Villager (Male) |
| 5:01 | Crear | Villager (Male) |
| 5:41 | Crear | Villager (Male) |
| 6:03 | Construir | Mill |
| 6:13 | Crear | Villager (Male) |
| 6:35 | Crear | Villager (Male) |
| 7:10 | Crear | Villager (Male) |
| 7:37 | Investigar | Feudal Age |
| 7:43 | Construir | House |
| 9:47 | Edad | Edad Feudal |
| 9:50 | Construir | Blacksmith |
| 9:51 | Construir | Market |
| 9:57 | Crear | Villager (Male) |
| 10:22 | Crear | Villager (Male) |
| 11:14 | Investigar | Castle Age |
| 11:41 | Construir | House |
| 12:21 | Investigar | Double-Bit Axe |
| 12:25 | Construir | House |
| 13:11 | Construir | House |
| 13:54 | Edad | Edad de los Castillos |
| 13:55 | Construir | Monastery |
| 13:58 | Crear | Villager (Male) |
| 14:07 | Investigar | Scale Mail Armor |
| 14:23 | Construir | Monastery |
| 14:28 | Crear | Warrior Priest |
| 14:31 | Crear | Villager (Male) |
| 14:54 | Crear | Villager (Male) |
| 14:59 | Crear | Warrior Priest |
| 14:59 | Crear | Warrior Priest |
| 15:06 | Construir | House |
| 15:18 | Crear | Villager (Male) |
| 15:20 | Construir | Farm |
| 15:25 | Construir | Farm |
| 15:38 | Construir | House |
| 15:48 | Crear | Warrior Priest |
| 15:48 | Investigar | Sanctity |
| 15:49 | Crear | Villager (Male) |
| 16:04 | Construir | Farm |
| 16:15 | Crear | Warrior Priest |
| 16:20 | Construir | Farm |
| 16:28 | Crear | Villager (Male) |
| 16:33 | Construir | House |
| 16:42 | Crear | Warrior Priest |
| 17:12 | Crear | Warrior Priest |
| 17:12 | Crear | Villager (Male) |
| 17:24 | Crear | Villager (Male) |
| 17:43 | Crear | Warrior Priest |
| 17:44 | Investigar | Fervor |
| 17:52 | Crear | Villager (Male) |
| 18:08 | Crear | Warrior Priest |
| 18:11 | Construir | House |
| 18:18 | Construir | Mule Cart |
| 18:22 | Crear | Warrior Priest |
| 18:35 | Crear | Villager (Male) |
| 18:38 | Construir | Farm |
| 19:07 | Construir | House |
| 19:08 | Crear | Villager (Male) |
| 19:10 | Crear | Warrior Priest |
| 19:14 | Construir | Farm |
| 19:18 | Construir | Farm |
| 19:20 | Construir | Farm |
| 19:21 | Construir | Farm |
| 19:28 | Crear | Warrior Priest |
| 19:29 | Crear | Villager (Male) |
| 19:40 | Crear | Villager (Male) |
| 19:46 | Construir | Barracks |
| 19:51 | Crear | Warrior Priest |
| 19:52 | Crear | Villager (Male) |
| 19:56 | Construir | Farm |
| 20:00 | Crear | Villager (Male) |
| 20:18 | Crear | Warrior Priest |
| 20:23 | Crear | Villager (Male) |
| 20:34 | Crear | Warrior Priest |
| 20:52 | Crear | Warrior Priest |
| 20:52 | Crear | Warrior Priest |
| 20:58 | Construir | House |
| 21:09 | Crear | Villager (Male) |
| 21:14 | Construir | Farm |
| 21:15 | Construir | Farm |
| 21:16 | Construir | Farm |
| 21:33 | Crear | Warrior Priest |
| 21:33 | Crear | Warrior Priest |
| 21:40 | Investigar | Squires |
| 21:44 | Crear | Villager (Male) |
| 21:49 | Construir | House |
| 22:06 | Investigar | Forging |
| 22:16 | Construir | Farm |
| 22:16 | Construir | Farm |
| 22:16 | Construir | Farm |
| 22:17 | Crear | Villager (Male) |
| 22:28 | Crear | Villager (Male) |
| 22:45 | Crear | Villager (Male) |
| 22:57 | Construir | Siege Workshop |
| 23:01 | Crear | Warrior Priest |
| 23:02 | Crear | Warrior Priest |
| 23:32 | Crear | Warrior Priest |
| 23:32 | Crear | Warrior Priest |
| 23:33 | Crear | Villager (Male) |
| 23:33 | Crear | Villager (Male) |
| 23:51 | Investigar | Horse Collar |
| 23:55 | Crear | Battering Ram |
| 24:11 | Crear | Warrior Priest |
| 24:11 | Crear | Warrior Priest |
| 24:17 | Crear | Battering Ram |
| 24:42 | Crear | Villager (Male) |
| 24:50 | Construir | House |
| 24:50 | Construir | Farm |
| 25:04 | Crear | Warrior Priest |
| 25:04 | Crear | Warrior Priest |
| 25:06 | Crear | Villager (Male) |
| 25:11 | Construir | Castle |
| 25:27 | Crear | Battering Ram |
| 25:33 | Crear | Warrior Priest |
| 25:33 | Crear | Warrior Priest |
| 25:50 | Construir | Farm |
| 26:02 | Crear | Villager (Male) |
| 26:06 | Crear | Villager (Male) |
| 26:30 | Crear | Warrior Priest |
| 26:30 | Crear | Warrior Priest |
| 26:37 | Crear | Battering Ram |
| 26:43 | Investigar | Chain Mail Armor |
| 26:55 | Construir | Mule Cart |
| 27:35 | Crear | Warrior Priest |
| 27:35 | Crear | Warrior Priest |
| 27:36 | Crear | Battering Ram |
| 27:37 | Crear | Villager (Male) |
| 27:41 | Investigar | Iron Casting |
| 28:13 | Crear | Warrior Priest |
| 28:14 | Crear | Warrior Priest |
| 28:14 | Crear | Villager (Male) |
| 28:17 | Crear | Battering Ram |
| 28:37 | Crear | Warrior Priest |
Cronología de la partida
| 9:47 | witcherkiller · age_up feudal |
| 10:56 | Lorenz · age_up feudal |
| 11:01 | witcherkiller · first_market_buy 500 food |
| 11:03 | witcherkiller · first_market_sell 100 stone |
| 13:54 | witcherkiller · age_up castle |
| 13:55 | witcherkiller · first_building Monastery |
| 14:35 | Lorenz · age_up castle |
| 14:40 | Lorenz · first_building Castle |
| 15:33 | Lorenz · first_building Monastery |
| 19:46 | witcherkiller · first_building Barracks |
| 21:57 | Lorenz · first_market_buy 100 food |
| 22:57 | witcherkiller · first_building Siege Workshop |
| 23:46 | Lorenz · first_building Barracks |
| 25:01 | Lorenz · first_building Archery Range |
| 25:11 | witcherkiller · first_building Castle |
| 26:11 | Lorenz · age_up imperial |
| 26:59 | Lorenz · first_building Siege Workshop |
| 30:23 | Lorenz · first_market_sell 100 food |
| 30:45 | Lorenz · resign |
[ ANÁLISIS IA · 1 CRÉDITO ]
¿Qué pasó realmente en esta partida?
Wolo.gg analiza cada decisión: build order, eco, micro, errores típicos por bracket. Análisis personalizado por WhatsApp o Discord en 30 segundos.
Guía civ
Indostaníes
Perfil
Lorenz